 Dungeon Crawl Stone Soup version 0.24.1-14-gf8d2b509d9 (webtiles) character file.

Game seed: 18194791745567895442, levelgen mode: deterministic

142 Peloso the Shield-Bearer (level 5, -10/46 HPs)
             Began as a Minotaur Fighter on May 25, 2020.
             Killed by divine providence
             ... invoked by an orc priest
              (13 damage)
             ... on level 3 of the Dungeon.
             The game lasted 00:03:56 (1895 turns).

Peloso the Shield-Bearer (Minotaur Fighter)         Turns: 1895, Time: 00:03:56

Health: -10/46     AC: 13    Str: 21      XL:     5   Next: 3%
Magic:  4/4        EV:  4    Int:  3 (5)  God:
Gold:   126        SH:  9    Dex:  7 (10) Spells: 4/4 levels left

rFire    . . .     SeeInvis .   a - +0 long sword
rCold    . . .     Gourm    .   c - +0 shield
rNeg     . . .     Faith    .   g - +0 plate armour
rPois    .         Spirit   .   (helmet restricted)
rElec    .         Reflect  .   (no cloak)
rCorr    .         Harm     .   (no gloves)
MR       .....                  q - +0 pair of boots
Stlth    ..........             (no amulet)
HPRegen  0.15/turn              j - ring of stealth
MPRegen  0.09/turn              (no ring)

@: no status effects
A: retaliatory headbutt, horns 2
a: no special abilities


You were on level 3 of the Dungeon.
You were hungry.

You visited 1 branch of the dungeon, and saw 3 of its levels.

You collected 126 gold pieces.

Inventory:

Hand Weapons
 a - a +0 long sword (weapon)
Armour
 b - a +0 scale mail
 c - a +0 shield (worn)
 g - a +0 plate armour (worn)
 q - a +0 pair of boots (worn)
Jewellery
 j - a ring of stealth (left hand)
Scrolls
 e - a scroll of immolation {unknown}
 i - a scroll of teleportation {unknown}
 l - 2 scrolls of identify {unknown}
 m - a scroll of amnesia {unknown}
Potions
 d - 2 potions of might
 o - a potion of heal wounds {unknown}
 r - 2 potions of flight
Comestibles
 f - 3 rations


   Skills:
 + Level 4.0 Fighting
 + Level 3.5 Long Blades
 + Level 4.8 Armour
 + Level 0.7 Dodging
 + Level 5.1 Shields


You had 4 spell levels left.
You didn't know any spells.
Your spell library was empty.

Dungeon Overview and Level Annotations

Branches:
Dungeon (3/15)

Altars:


Innate Abilities, Weirdness & Mutations

You reflexively headbutt those who attack you in melee.
You have a pair of horns on your head.


Message History

You hit the orc priest.
The orc priest is severely wounded.
The orc priest mumbles some strange prayers to Beogh against you.
Beogh smites you! You block the orc wizard's attack.
You closely miss the orc priest.
The orc priest is severely wounded.
The orc priest hits you but does no damage.
The orc wizard points at you and mumbles some strange words.
The puff of flame hits you.
Unknown command.
You are feeling hungry.
Your shield and plate armour prevent you from hitting the orc priest.
You headbutt the orc priest.
The orc priest is almost dead.
The orc wizard gestures at you while chanting.
The puff of frost hits you!
* * * LOW HITPOINT WARNING * * *
The orc priest calls down the wrath of Beogh upon you.
Beogh smites you!
You die...

#.## #....#####
#...o@oo#
#.#.###.)......
.. #........
... +........
... #........
.# #........
#.#.....#
#.##...##


You could see 2 orc priests and an orc wizard.

Vanquished Creatures
  An orc priest (D:2)
  2 adders (D:2)
  4 oozes
  2 worms (D:2)
  A dart slug (D:2)
  4 leopard geckos
  9 orcs
  A ball python (D:2)
  5 bats
  3 giant cockroaches (D:1)
  2 hobgoblins (D:2)
  4 jackals (D:1)
  6 kobolds
  9 frilled lizards (D:1)
  3 goblins
  6 rats
62 creatures vanquished.

Notes
Turn   | Place    | Note
-------+----------+-------------------------------------------
     0 | D:1      | Peloso the Minotaur Fighter began the quest for the Orb.
     0 | D:1      | Reached XP level 1. HP: 19/19 MP: 0/0
   128 | D:1      | Reached XP level 2. HP: 26/27 MP: 1/1
   242 | D:1      | Reached skill level 4 in Shields
   419 | D:1      | Reached XP level 3. HP: 31/33 MP: 2/2
   992 | D:2      | Reached XP level 4. HP: 34/40 MP: 3/3
  1421 | D:2      | Reached skill level 5 in Shields
  1746 | D:2      | Reached XP level 5. HP: 46/46 MP: 4/4
  1895 | D:3      | Killed from afar by an orc priest

Levels and vault maps discovered:
D:1:      dpeg_arrival_pond, layout_basic, minmay_lizard_king
D:2:      layout_loops_ring, first_ration
D:3:      layout_loops_corners, ebering_ghost_reflecting_pool

Skill      XL: |  1  2  3  4 |
---------------+-------------+-----
Armour         | 4 |  4.8
Shields        | 4 5 |  5.1
Long Blades    | 3 |  3.5
Fighting       | 4 |  4.0
Dodging        | |  0.7

Action                   |  1- 3 |  4- 6 || total
-------------------------+-------+-------++-------
Melee: Long sword        |   106 |    57 ||   163
       Headbutt          |    18 |    13 ||    31
  Use: Potion            |       |     5 ||     5
  Eat: Chunk             |       |     3 ||     3
Armor: Scale mail        |    58 |     2 ||    60
       Plate armour      |       |    39 ||    39
Dodge: Dodged            |    29 |    14 ||    43
Block: Shield            |    70 |    32 ||   102
       Rpst.: Long sword |     7 |     4 ||    11
